 Dungeon Crawl Stone Soup version 0.21.1-1-g345015f (webtiles) character file.

504 iamserjio the Sneak (level 7, 0/50 HPs)
             Began as an Octopode Monk on Apr 4, 2018.
             Was a Believer of Makhleb.
             Slain by an ice beast (14 damage)
             ... on level 5 of the Dungeon.
             The game lasted 00:38:19 (4659 turns).

iamserjio the Sneak (Octopode Monk)                 Turns: 4659, Time: 00:38:22

Health: 0/50       AC:  1    Str: 10    XL:     7   Next: 17%
Magic:  8/8        EV: 16    Int: 13    God:    Makhleb [**....]
Gold:   210        SH:  0    Dex: 14    Spells: 7/8 levels left

rFire    . . .     SeeInvis +   a - +0 spear
rCold    . . .     Gourm    .   (no shield)
rNeg     . . .     Faith    .   (helmet restricted)
rPois    +         Spirit   .   (no amulet)
rElec    .         Reflect  .   (no ring)
rCorr    .         Harm     .   (no ring)
MR       .....     Clarity  +   (no ring)
Stlth    ++++......             (no ring)
HPRegen  0.16/turn              (no ring)
MPRegen  0.11/turn              (no ring)
                                (no ring)
                                (no ring)

@: no status effects
A: almost no armour, stealthy swim, amphibious, 8 rings, constrict 8, camouflage
1, see invisible, clarity, clumsy 1, poison resistance, gelatinous body 1
a: Minor Destruction, Renounce Religion


You were on level 5 of the Dungeon.
You worshipped Makhleb.
Makhleb was pleased with you.
You were hungry.

You visited 1 branch of the dungeon, and saw 5 of its levels.

You collected 210 gold pieces.

Inventory:

Hand Weapons
 a - a +0 spear (weapon)
 j - a +1 dagger of venom
 z - a +1 dagger of electrocution
Missiles
 e - 4 tomahawks
 g - 95 stones (quivered)
 h - 22 sling bullets
 t - 37 arrows
 x - 28 poisoned needles
 y - 18 bolts
Jewellery
 f - an uncursed ring of ice {unknown}
Scrolls
 d - a scroll of enchant armour {unknown}
 k - a scroll of teleportation {unknown}
 l - a scroll of enchant weapon
 m - a scroll of fog
 n - 2 scrolls of identify
 v - a scroll of noise
 w - 3 scrolls of amnesia
 A - 3 scrolls of remove curse {unknown}
Potions
 c - 3 potions of cancellation
 i - 2 potions of agility
 o - a potion of flight {unknown}
 p - a potion of lignification {unknown}
 q - a potion of curing {unknown}
 r - a potion of heal wounds
 s - a potion of brilliance {unknown}
Books
 u - a book of Misfortune

   Spells                             Type                      Level
   a - Confusing Touch                Hexes                        1
   b - Confuse                        Hexes                        3
   c - Gell's Gravitas                Translocation                3
   d - Petrify                        Transmutation/Earth          4
   e - Metabolic Englaciation         Hexes/Ice                    5
   f - Yara's Violent Unravelling     Hexes/Transmutation          5
Comestibles
 b - 7 rations


   Skills:
 + Level 5.1 Fighting
 - Level 3.0 Polearms
 + Level 5.2 Dodging
 - Level 6.0 Stealth
 + Level 1.3 Spellcasting


You had 7 spell levels left.
You knew the following spells:

 Your Spells              Type           Power        Failure   Level  Hunger
a - Confusing Touch       Hex            #.....       28%         1    ##.....


Dungeon Overview and Level Annotations

Branches:
Dungeon (5/15)
 Temple: D:4-7

Altars:
Ashenzari
Fedhas
Makhleb
Sif Muna
Trog

Annotations:
D:3 Mirai's ghost, amateur DECj
D:4 PipsiMox's ghost, amateur DrWn


Innate Abilities, Weirdness & Mutations

You cannot wear most types of armour.
You are very stealthy in the water. (Stealth+)
You are amphibious.
You can wear up to eight rings at the same time.
You can use your tentacles to constrict eight enemies at once.
Your skin changes colour to match your surroundings (Stealth+).
Your rubbery body absorbs attacks. (AC +1, EV +1)
You have supernaturally acute eyesight. (SInv)
You possess an exceptional clarity of mind.
You are clumsy. (Dex -2)
Your system is resistant to poisons. (rPois)


Message History

The ice beast misses you.
You hit the ice beast but do no damage. You squeeze the ice beast.
The ice beast is heavily wounded.
The ice beast barely misses you.
You barely miss the ice beast. You squeeze the ice beast!
The ice beast is almost dead.
The ice beast hits you. The ice beast freezes you.
You closely miss the ice beast.
The ice beast is almost dead.
The ice beast barely misses you.
You hit the ice beast but do no damage.
The ice beast is almost dead.
The ice beast hits you. The ice beast freezes you!
You hit the ice beast but do no damage.
You squeeze the ice beast, but do no damage.
The ice beast is almost dead.
The ice beast hits you.
* * * LOW HITPOINT WARNING * * *
The ice beast freezes you!
You die...

#.# #. #.# ..#
##.#.# #..#.#
#..#.# ...#.#
#..#.# #..#.#
#Y.#.# #@.#.#
#..#.# #..#.#
#....# #.#### #.#
###############.#
#...[........<#.#
#.#############.#


You could see an ice beast.

Vanquished Creatures
  A killer bee (D:3)
  3 crimson imps
  An orc wizard (D:4)
  Jessica (D:3)
  5 worker ants
  A howler monkey zombie (D:3)
  3 gnolls (D:3)
  2 adders
  3 oozes
  5 worms
  5 dart slugs
  3 leopard geckos
  9 orcs
  5 giant cockroaches
  8 goblins
  7 hobgoblins
  4 jackals (D:3)
  A quokka (D:2)
  A ball python (D:1)
  4 bats
  4 frilled lizards
  5 kobolds (D:1)
  A leopard gecko skeleton (D:4)
  9 rats
91 creatures vanquished.

Notes
Turn   | Place    | Note
-------+----------+-------------------------------------------
     0 | D:1      | iamserjio the Octopode Monk began the quest for the Orb.
     0 | D:1      | Reached XP level 1. HP: 16/16 MP: 1/1
   149 | D:1      | Reached skill level 3 in Stealth
   160 | D:1      | Reached XP level 2. HP: 21/21 MP: 2/2
   547 | D:1      | Reached XP level 3. HP: 14/26 MP: 3/3
  1460 | D:2      | Reached skill level 4 in Stealth
  1519 | D:2      | Reached XP level 4. HP: 32/32 MP: 4/4
  1805 | D:3      | Found a deep blue altar of Sif Muna.
  1904 | D:3      | Noticed Mirai's ghost (amateur DECj)
  1912 | D:3      | Noticed Jessica
  1930 | D:3      | Killed Jessica
  1930 | D:3      | Reached XP level 5. HP: 37/37 MP: 5/5
  1947 | D:3      | Learned a level 1 spell: Confusing Touch
  1977 | D:3      | Noticed a moth of wrath
  1980 | D:3      | Found a bloodstained altar of Trog.
  2454 | D:3      | Reached skill level 5 in Stealth
  2525 | D:3      | Found a burning altar of Makhleb.
  2540 | D:3      | Became a worshipper of Makhleb the Destroyer
  2540 | D:3      | Reached * piety under Makhleb
  2540 | D:3      | Reached ** piety under Makhleb
  2868 | D:3      | Gained mutation: You have supernaturally acute eyesight. (SInv) [potion of mutation]
  2868 | D:3      | Gained mutation: Your system is resistant to poisons. (rPois) [potion of mutation]
  2868 | D:3      | Gained mutation: You are clumsy. (Dex -2) [potion of mutation]
  2868 | D:3      | Gained mutation: You possess an exceptional clarity of mind. [potion of mutation]
  2868 | D:3      | HP: 1/38 [poisoned by a killer bee]
  2870 | D:3      | Reached XP level 6. HP: 19/44 MP: 6/6
  3755 | D:4      | Reached skill level 6 in Stealth
  3952 | D:4      | Noticed PipsiMox's ghost (amateur DrWn)
  4052 | D:5      | Entered Level 5 of the Dungeon
  4201 | D:5      | Reached skill level 5 in Dodging
  4220 | D:5      | Found a shattered altar of Ashenzari.
  4279 | D:5      | Reached skill level 5 in Fighting
  4279 | D:5      | Reached skill level 1 in Spellcasting
  4279 | D:5      | Reached XP level 7. HP: 39/50 MP: 8/8
  4324 | D:5      | Found a blossoming altar of Fedhas.
  4659 | D:5      | Slain by an ice beast

Skill      XL: |  1  2  3  4  5  6 |
---------------+-------------------+-----
Stealth        | 3 4 5 6 |  6.0
Fighting       | 4 5 |  5.1
Dodging        | 4 5 |  5.2
Spellcasting   | 1 |  1.3
Polearms       | |  3.0

Action                   |  1- 3 |  4- 6 |  7- 9 || total
-------------------------+-------+-------+-------++-------
Melee: Spear             |    79 |   182 |    26 ||   287
       Constrict         |    16 |    39 |     1 ||    56
       Tentacles         |    11 |    39 |     6 ||    56
Throw: Stone             |       |     2 |       ||     2
  Use: Scroll            |       |     7 |       ||     7
       Potion            |       |     2 |       ||     2
 Stab: Sleeping          |    15 |    14 |       ||    29
  Eat: Chunk             |     1 |     6 |     1 ||     8
       Ration            |       |     1 |       ||     1
Armor: Skin              |     2 |     2 |       ||     4
Dodge: Dodged            |    43 |    98 |    16 ||   157
